 Dungeon Crawl Stone Soup version 0.31-a0-4-gefa6de2278 (webtiles) character file.

Game seed: 7230941164024057149

21312 ders the Devastator (level 12, -1/59 HPs)
             Began as a Gargoyle Earth Elementalist on May 2, 2023.
             Was a High Priest of Sif Muna.
             Slain by a komodo dragon (20 damage)
             ... on level 3 of the Lair of Beasts on May 3, 2023.
             The game lasted 00:25:02 (17012 turns).

ders the Devastator (Gargoyle Earth Elementalist)  Turns: 17012, Time: 00:25:02

Health: -1/59      AC: 15    Str: 17    XL:     12   Next: 88%
Magic:  7/26       EV: 11    Int: 22    God:    Sif Muna [*****.]
Gold:   550        SH:  0    Dex: 10    Spells: 14/31 levels left

rFire   + . .        u - +0 dagger "Fiqil" {flame, rC+}
rCold   + . .        (no shield)
rNeg    + . .        f - +2 robe {rF+}
rPois   ∞            i - +0 helmet
rElec   +            (no cloak)
rCorr   .            (no gloves)
SInv    +            H - +1 pair of boots
Will    .....        y - amulet of regeneration
Stlth   ++           D - ring of see invisible
HPRegen 1.09/turn    p - +6 ring of strength
MPRegen 0.20/turn

%: no passive effects
@: no status effects
A: sickness immunity, AC +8, negative energy resistance 1, electricity
resistance, torment resistance 1, petrification resistance
a: Renounce Religion, Channel Magic, Forget Spell, Divine Exegesis


You were on level 3 of the Lair of Beasts.
You worshipped Sif Muna.
Sif Muna was extremely pleased with you.
You visited 2 branches of the dungeon, and saw 15 of its levels.
You also visited: Ice Cave.

You collected 828 gold pieces.
You spent 278 gold pieces at shops.

Inventory:

Hand Weapons
 c - a +0 flail
 l - the +0 quarterstaff of Yrenky {holy, rPois}
   (You found it on level 2 of the Dungeon)

   rPois:     It protects you from poison.
 u - the +0 dagger "Fiqil" (weapon) {flame, rC+}
   (You found it on level 1 of the Lair of Beasts)

   rC:        It protects you from cold.
Armour
 a - a +0 robe
 f - a +2 robe of fire resistance (worn)
 i - a +0 helmet (worn)
 t - a +1 robe of fire resistance
 H - a +1 pair of boots (worn)
Jewellery
 d - a ring of willpower
 m - a +5 ring of evasion
 p - a +6 ring of strength (right hand)
 y - an amulet of regeneration (around neck)
 A - a ring of fire
 D - a ring of see invisible (left hand)
 M - a ring of ice
 N - a +5 ring of evasion
Wands
 w - a wand of mindburst (10)
 x - a wand of polymorph (13)
 B - a wand of digging (1)
 F - a wand of flame (19)
 L - a wand of light (18)
 O - a wand of paralysis (6)
Scrolls
 h - 3 scrolls of teleportation
 j - 2 scrolls of brand weapon
 r - 2 scrolls of butterflies
 s - a scroll of enchant armour
 v - 2 scrolls of blinking
 C - 2 scrolls of noise
 G - 2 scrolls of fog
 I - a scroll of enchant weapon
 P - a scroll of identify
Potions
 b - a potion of magic
 e - 2 potions of heal wounds
 g - 4 potions of brilliance
 k - 6 potions of curing
 n - 3 potions of ambrosia
 o - 2 potions of lignification
 q - 3 potions of resistance
 z - a potion of cancellation
 E - a potion of degeneration
 J - a potion of might
 K - a potion of flight
 Q - a potion of mutation {unknown}


   Skills:
 - Level 1.5 Dodging
 - Level 2.1 Stealth
 + Level 10.3 Spellcasting
 * Level 15.0 Conjurations
 - Level 0.7 Transmutations
 + Level 7.6 Ice Magic
 - Level 11.1 Earth Magic


You had 14 spell levels left.
You knew the following spells:

 Your Spells              Type           Power      Damage    Failure   Level
a - Sandblast             Erth           100%       2d20      1%          1
b - Stone Arrow           Conj/Erth      100%       3d13      1%          3
c - Fulminant Prism       Conj/Hex       22%        3d12      2%          4
d - Freezing Cloud        Conj/Ice/Air   22%        6-21      8%          5
e - Iskenderun's Mystic   Conj/Tloc      44%        2d10      2%          4

Your spell library contained the following spells:

 Spells                   Type           Power      Damage    Failure   Level
 Magic Dart               Conj           100%       1d8       0%          1
 Momentum Strike          Conj/Tloc      88%        3d10      1%          2
 Passwall                 Tmut/Erth      30%        N/A       1%          2
 Searing Ray              Conj           100%       2d8       1%          2
 Dazzling Flash           Conj/Hex       88%        N/A       1%          3
 Mephitic Cloud           Conj/Pois/Air  33%        N/A       2%          3
 Beastly Appendage        Tmut           28%        N/A       4%          1
 Petrify                  Tmut/Erth      37%        N/A       4%          4
 Apportation              Tloc           22%        N/A       6%          1
 Necrotise                Necr           44%        1d6       6%          1
 Summon Small Mammal      Summ           44%        N/A       6%          1
 Wereblood                Tmut           14%        N/A       7%          2
 Blink                    Tloc           22%        N/A       9%          2
 Call Imp                 Summ           22%        N/A       9%          2
 Lesser Beckoning         Tloc           22%        N/A       9%          2
 Summon Ice Beast         Ice/Summ       28%        N/A       12%         4
 Ignite Poison            Fire/Tmut/Pois 12%        N/A       16%         3
 Spider Form              Tmut/Pois      12%        N/A       16%         3
 Call Canine Familiar     Summ           11%        N/A       19%         3
 Summon Guardian Golem    Hex/Summ       11%        N/A       19%         3
 Volatile Blastmotes      Fire/Tloc      22%        2d11      19%         3
 Starburst                Conj/Fire      22%        6d7       38%         6
 Animate Dead             Necr           11%        N/A       52%         4
 Summon Mana Viper        Hex/Summ       11%        N/A       86%         5
 Haunt                    Necr/Summ      5%         N/A       100%        7
 Monstrous Menagerie      Summ           5%         N/A       100%        7
 Infestation              Necr           5%         N/A       100%        8
 Cigotuvi's Dreadful Rot  Necr/Pois/Air  Unusable   N/A       N/A         2

Dungeon Overview and Level Annotations

Branches:
Dungeon (11/15)            Temple (0/1) D:4            Lair (4/5) D:11
 Shoals (0/4) Lair:3        Snake (0/4) Lair:2          Orc (0/2) D:10
  IceCv (visited)
  Slime: Lair:4-5

Altars:
Ashenzari
Cheibriados
Dithmenos
Elyvilon
Fedhas
Gozag
Hepliaklqana
Kikubaaqudgha
Qazlal
Ru
Sif Muna
Xom
Zin

Shops:
D:4 ?*?*   D:8 *


Innate Abilities, Weirdness & Mutations

You are immune to sickness and miasma.
Your stone body is resilient. (AC +8)
You are immune to poison.
You resist negative energy. (rN+)
You are resistant to electric shocks. (rElec)
You are resistant to unholy torment.
You are immune to petrification.


Message History

Confirm with . or Enter, or press ? or * to list all spells.
Aiming: Stone Arrow (safe; 1% risk of failure)
Press: ? - help, Shift-Dir - straight line, f - komodo dragon
Aim: a komodo dragon (lightly wounded, 84% to hit)
The stone arrow misses the komodo dragon.
Unknown command.
Casting: Stone Arrow (safe; 1% risk of failure)
Confirm with . or Enter, or press ? or * to list all spells.
Aiming: Stone Arrow (safe; 1% risk of failure)
Press: ? - help, Shift-Dir - straight line, f/p - komodo dragon
Aim: a komodo dragon (lightly wounded, 84% to hit)
The stone arrow hits the komodo dragon!
The komodo dragon is moderately wounded.
The komodo dragon bites you!!
Unknown command.
Casting: Stone Arrow (safe; 1% risk of failure)
Confirm with . or Enter, or press ? or * to list all spells.
Aiming: Stone Arrow (safe; 1% risk of failure)
Press: ? - help, Shift-Dir - straight line, f/p - komodo dragon
Aim: a komodo dragon (moderately wounded, 84% to hit)
The stone arrow hits the komodo dragon!
The komodo dragon is heavily wounded.
The komodo dragon barely misses you.
Unknown command.
Casting: Stone Arrow (safe; 1% risk of failure)
Confirm with . or Enter, or press ? or * to list all spells.
You erupt in a blast of force!
The mystic blast hits the fungus!
The fungus is lightly damaged.
The mystic blast hits the komodo dragon but does no damage.
The komodo dragon is heavily wounded.
A nearby fungus withers and dies.
The komodo dragon bites you!
Casting: Iskenderun's Mystic Blast (dangerous; 2% risk of failure)
Confirm with . or Enter, or press ? or * to list all spells.
Aiming: Stone Arrow (safe; 1% risk of failure)
Press: ? - help, Shift-Dir - straight line, f/p - komodo dragon
Aim: a komodo dragon (heavily wounded, 84% to hit)
The stone arrow hits the komodo dragon!!
The komodo dragon is almost dead.
The komodo dragon bites you!!
You die...

**,,,** *,,*****#.....###
,*,,,,** ##.#,* *#.†....##
**,,,*,**#...##* *#..†.#.##
**,,,*,,,#....P* ##......##
,,,,,,*,,......#* #.......##
,,,,,,,,,.......## #........#
,,,,,,,,,,,#.....## ##.>.....###
***,,,,*,*,,#.....###.#.##.....#
,****,,***,,**#l@..#...####....##
,,,,******#....#.......P# #.....#
,+***~~~~~####,##....#### ##P....
,*~~~*~~~*~~~*,,#.....## ###...
,*~~~*~~~*~~~*,*##.....######..<.
,*~~~*****~~~*,* ##.....#P##..†..
,*****~~~+****,* ##........#....
,,,*~~~>~~~*,,,** ##............
,****+~~~*****,,** ##...#.P#....


You could see a komodo dragon.

Vanquished Creatures
  A boulder beetle (D:10)
  A skyshark (Lair:2)
  2 black mambas
  A torpor snail (Lair:2)
  2 cane toads
  2 rime drakes (Lair:3)
  A kobold demonologist (D:11)
  An unseen horror (D:11)
  4 komodo dragons
  3 trolls
  A polar bear (Lair:2)
  A hornet (D:9)
  4 blink frogs (Lair:1)
  9 slime creatures
  2 shadows (D:11)
  Sigmund (D:2)
  6 humans
  9 wyverns
  19 yaks
  A basilisk (D:11)
  Edmund (D:5)
  An acid dragon (D:11)
  3 nagas (Lair:2)
  A two-headed ogre zombie (D:10)
  5 water moccasins
  5 orc warriors
  A sky beast (D:8)
  2 ice beasts (D:8)
  5 black bears
  A great orb of eyes simulacrum (IceCv)
  An ogre (D:5)
  10 wolves
  3 centaurs
  4 phantoms
  3 kobold brigands
  3 slime creature simulacra (IceCv)
  12 bullfrogs
  4 gnoll sergeants
  2 scorpions (D:7)
  11 wights
  2 troll zombies (D:10)
  2 electric eels (D:10)
  2 howler monkeys
  3 hounds (D:4)
  2 jellies
  8 orc priests
  2 sleepcaps
  Natasha (D:2)
  10 iguanas
  11 orc wizards
  A shapeshifter simulacrum (IceCv)
  5 ogre zombies (D:10)
  7 adders
  25 gnolls
  An ufetubus (D:6)
  2 worms
  4 dart slugs
  30 orcs
  10 endoplasms
  2 giant cockroaches
  7 goblins
  4 hobgoblins
  2 jackals (D:2)
  3 quokkas
  8 ball pythons
  3 bats
  5 frilled lizards
  2 goblin skeletons (D:10)
  A goblin zombie (D:10)
  A hobgoblin skeleton (D:10)
  3 hobgoblin zombies (D:10)
  24 kobolds
  5 orc skeletons (D:10)
  13 orc zombies (D:10)
  6 rats
366 creatures vanquished.

Vanquished Creatures (others)
  10 fulminant prisms
  24 fungi
  33 plants
67 creatures vanquished.

Grand Total: 433 creatures vanquished

Notes
Turn   | Place    | Note
-------+----------+-------------------------------------------
     0 | D:1      | ders the Gargoyle Earth Elementalist began the quest for
                  | the Orb.
     0 | D:1      | Reached XP level 1. HP: 10/10 MP: 3/3
     7 | D:1      | Noticed a polar bear
     7 | D:1      | Noticed a hog
     8 | D:1      | Noticed a snapping turtle
    20 | D:1      | Reached XP level 2. HP: 2/15 MP: 0/5
   187 | D:1      | Found a faded altar of an unknown god.
   255 | D:1      | Reached XP level 3. HP: 19/19 MP: 2/6
   838 | D:2      | Identified the +0 quarterstaff of Yrenky {holy, rPois}
  1059 | D:2      | Reached XP level 4. HP: 24/24 MP: 4/8
  1220 | D:2      | Noticed Sigmund
  1227 | D:2      | Killed Sigmund
  1228 | D:2      | Reached skill level 5 in Earth Magic
  1228 | D:2      | Reached XP level 5. HP: 18/28 MP: 2/11
  1380 | D:2      | Noticed Natasha
  1384 | D:2      | Killed Natasha
  1385 | D:2      | Reached XP level 6. HP: 32/32 MP: 8/12
  1561 | D:2      | Learned a level 3 spell: Stone Arrow
  3129 | D:4      | Found a shimmering blue altar of Sif Muna.
  3148 | D:4      | Found Ewotih's Magic Scroll Boutique.
  3186 | D:4      | Found Huases's General Store.
  3193 | D:4      | Reached skill level 1 in Conjurations
  3195 | D:4      | Reached XP level 7. HP: 36/36 MP: 9/14
  3240 | D:4      | Became a worshipper of Sif Muna the Loreminder
  3261 | D:4      | Bought a scroll of identify for 26 gold pieces
  3276 | D:4      | Reached skill level 2 in Conjurations
  3307 | D:4      | Bought a potion of heal wounds for 70 gold pieces
  3307 | D:4      | Bought a potion of curing for 42 gold pieces
  3408 | D:4      | Found Gaaghu's Assorted Antiques.
  3448 | D:4      | Found a hazy altar of Hepliaklqana.
  3676 | D:4      | Found Taogopt's Magic Scroll Shop.
  3679 | D:4      | Bought a scroll of magic mapping for 90 gold pieces
  3679 | D:4      | Bought a scroll of teleportation for 36 gold pieces
  3755 | D:4      | Reached skill level 5 in Spellcasting
  3847 | D:4      | Reached skill level 3 in Conjurations
  3874 | D:4      | Found a staircase to the Ecumenical Temple.
  4055 | D:5      | Entered Level 5 of the Dungeon
  4114 | D:5      | Noticed Edmund
  4121 | D:5      | Killed Edmund
  4122 | D:5      | Reached skill level 4 in Conjurations
  4122 | D:5      | Reached XP level 8. HP: 38/41 MP: 3/16
  4123 | D:5      | Reached * piety under Sif Muna
  4489 | D:5      | Found an ancient bone altar of Kikubaaqudgha.
  4536 | D:5      | Found a blossoming altar of Fedhas.
  4637 | D:6      | Reached skill level 5 in Conjurations
  4759 | D:6      | Found a shadowy altar of Dithmenos.
  5014 | D:6      | Reached skill level 6 in Conjurations
  5169 | D:6      | Found a white marble altar of Elyvilon.
  5484 | D:6      | Found a shimmering altar of Xom.
  5567 | D:7      | Reached XP level 9. HP: 45/45 MP: 11/18
  5911 | D:7      | Reached skill level 7 in Conjurations
  5974 | D:7      | Reached ** piety under Sif Muna
  6205 | D:7      | Noticed a troll
  6211 | D:7      | Killed a troll
  6412 | D:7      | Reached skill level 8 in Conjurations
  6986 | D:8      | Found a broken altar of Ashenzari.
  7028 | D:8      | Reached skill level 9 in Conjurations
  7230 | D:8      | Identified the +0 leather armour of Vautaps {+Blink}
  7250 | D:8      | Reached XP level 10. HP: 39/50 MP: 4/20
  7374 | D:8      | Reached skill level 10 in Earth Magic
  7570 | D:8      | Found Uhiedoo's General Store.
  7578 | D:8      | Bought a potion of degeneration for 14 gold pieces
  7713 | D:8      | Learned a level 4 spell: Fulminant Prism
  7719 | D:8      | Learned a level 5 spell: Freezing Cloud
  7976 | D:8      | Found a glowing silver altar of Zin.
  8015 | D:8      | Found an opulent altar of Gozag.
  8159 | D:9      | Found a stormy altar of Qazlal.
  8425 | D:9      | Found a snail-covered altar of Cheibriados.
  8464 | D:9      | Reached skill level 10 in Conjurations
  8464 | D:9      | Reached skill level 1 in Ice Magic
  8496 | D:9      | Reached *** piety under Sif Muna
  8906 | D:9      | Found a sacrificial altar of Ru.
  9049 | D:10     | Entered Level 10 of the Dungeon
  9058 | D:10     | Noticed a boulder beetle
  9908 | D:11     | Reached **** piety under Sif Muna
 10119 | D:10     | Reached skill level 11 in Conjurations
 10589 | D:10     | Learned a level 4 spell: Iskenderun's Mystic Blast
 10669 | D:10     | Reached XP level 11. HP: 54/54 MP: 7/23
 10673 | D:10     | Found a staircase to the Orcish Mines.
 10796 | D:10     | Killed a boulder beetle
 11065 | D:10     | Identified the +0 ring mail of Autumn {Int+5}
 11575 | D:11     | Reached skill level 12 in Conjurations
 11904 | D:11     | Noticed a soul eater
 12436 | D:11     | Reached skill level 5 in Ice Magic
 12493 | D:11     | Found a staircase to the Lair.
 13241 | Lair:1   | Entered Level 1 of the Lair of Beasts
 13242 | Lair:1   | Upgraded the game from 0.31-a0-1-g4198be8af4 to
                  | 0.31-a0-4-gefa6de2278
 13319 | Lair:1   | Identified the +0 dagger "Fiqil" {flame, rC+}
 13377 | Lair:1   | Reached skill level 13 in Conjurations
 13869 | Lair:1   | Reached XP level 12. HP: 59/59 MP: 7/25
 14416 | Lair:2   | Found a staircase to the Snake Pit.
 14562 | Lair:2   | Reached ***** piety under Sif Muna
 14958 | Lair:2   | Noticed a skyshark
 14965 | Lair:2   | Killed a skyshark
 15131 | Lair:2   | Reached skill level 14 in Conjurations
 15382 | Lair:2   | You fall into a shaft and drop 2 floors!
 15398 | Lair:4   | Noticed a four-headed hydra
 15652 | Lair:3   | Found a frozen archway.
 15687 | IceCv    | Entered an ice cave
 15799 | IceCv    | Reached skill level 10 in Spellcasting
 15807 | IceCv    | Received a gift from Sif Muna
 15814 | IceCv    | Noticed a quicksilver ooze
 16791 | Lair:3   | Reached skill level 15 in Conjurations
 17012 | Lair:3   | Slain by a komodo dragon

Illustrated notes

Levels and vault maps discovered:
D:1:      onia_arrival_zoo_common, layout_basic,
          hellmonk_ecumenical_altar_blasted, hangedman_decor_opposing
D:2:      layout_basic, uniq_natasha, uniq_sigmund
D:3:      layout_loops_corners, minmay_pentangle
D:4:      layout_basic, nicolae_sif_muna_little_library,
          mainiacjoe_overflow_brackets, minmay_temple_entry_antechambers,
          serial_shops, shop, nicolae_shop_rolled_up,
          nicolae_shop_tiny_waterfront, nicolae_take_the_stairs
D:5:      layout_gridville, mainiacjoe_overflow_tiny_flanked,
          kennysheep_mini_moat, st_stairs_2, uniq_edmund
D:6:      layout_gridville, mainiacjoe_overflow_paths,
          nicolae_dithmenos_shadow_blocks, nicolae_overflow_hidden_temple
D:7:      layout_cave_pods, serial_column_ruins, column_ruins_hut_water,
          column_ruins_hut, column_ruins_open_medium, column_ruins_grid_2,
          column_ruins_grid_3, column_ruins_grid_3, column_ruins_open_large,
          column_ruins_open_tiny, column_ruins_grid_1, nicolae_titane
D:8:      layout_basic, pdpol_temple_overflow_zin_treasury_gozag_greed,
          ashenzari_altar_1, serial_shops, shop
D:9:      layout_roguey, nicolae_ru_path_of_blood,
          nicolae_overflow_crystal_walls, nicolae_qazlal_style_of_elements
D:10:     layout_basic, zombieorc2_lemuel, minmay_ruffians
D:11:     layout_long_grid, minmay_lair_entry_grove
Lair:1:   layout_concentric_octagons, grunt_megastairs_5
Lair:2:   layout_gridlike, minmay_snake_entry_guardpost_small
Lair:3:   layout_concentric_octagons, elwin_shoals_entry_rooms,
          portal_ice_cave_rime, minivault_25, beast_lair_carwin_9,
          uniq_josephine
Lair:4:   layout_loops_ring

Skill      XL: |  1  2  3  4  5  6  7  8  9 10 11 12 |
---------------+-------------------------------------+-----
Earth Magic    | 4 5 6 7 8 9 10 11 | 11.1
Spellcasting   | 3 4 5 6 7 8 9 10 | 10.3
Conjurations   | 1 4 6 9 11 13 15 | 15.0
Ice Magic      | 3 5 7 |  7.6
Dodging        | |  1.5
Stealth        | |  2.1
Transmutations | |  0.7

Action                     |  1- 3 |  4- 6 |  7- 9 | 10-12 || total
---------------------------+-------+-------+-------+-------++-------
  Melee: Unarmed           |     1 |       |       |       ||     1
         Flail             |     6 |       |       |       ||     6
         Punch             |     1 |       |       |       ||     1
         Quarterstaff      |     6 |     1 |    20 |    11 ||    38
   Cast: Sandblast         |    41 |    68 |   130 |   121 ||   360
         Stone Arrow       |       |       |    52 |   258 ||   310
         Fulminant Prism   |       |       |       |    10 ||    10
         Iskenderun's Myst |       |       |       |    27 ||    27
         Freezing Cloud    |       |       |       |     3 ||     3
 Invoke: Channel Magic     |       |       |       |     1 ||     1
    Use: Scroll            |       |       |     7 |    21 ||    28
         Potion            |       |       |       |     2 ||     2
 Armour: Robe              |    10 |     6 |    34 |   111 ||   161
  Dodge: Dodged            |    18 |    11 |    85 |   113 ||   227

Table legend: (Time is in decaauts)
 A = Elapsed time spent in this place.
 B = Non-inter-level travel time spent in this place.
 C = Inter-level travel time spent in this place.
 D = Time resting spent in this place.
 E = Time spent auto-exploring this place.
 F = Levels seen in this place.
 G = Mean time per level.
                   A        B        C        D        E       F      G
               +--------+--------+--------+--------+--------+-----+--------+
         Total |  17270 |  16633 |    637 |   3334 |  11155 |  16 | 1079.4 |
       Dungeon |  13568 |  13079 |    489 |   2317 |   9085 |  11 | 1233.5 |
          Lair |   3569 |   3421 |    148 |   1017 |   1977 |   4 |  892.2 |
      Ice Cave |    132 |    132 |      0 |      0 |     93 |   1 |  132.0 |
               +--------+--------+--------+--------+--------+-----+--------+

Top non-repeatable levels by time:
    D:10: 1855 daAuts
    D:11: 1800 daAuts
     D:9: 1697 daAuts
  Lair:2: 1522 daAuts
     D:7: 1377 daAuts
  Lair:1: 1303 daAuts
     D:3: 1119 daAuts
     D:4: 1112 daAuts
     D:8: 1105 daAuts
     D:2: 1077 daAuts
     D:6: 1011 daAuts
     D:1: 818 daAuts
     D:5: 592 daAuts
  Lair:3: 583 daAuts
  Lair:4: 159 daAuts
